 Dungeon Crawl Stone Soup version 0.21.0-22-g11d5b5247c (webtiles) character file.

21587 Mukku the Nimble (level 12, -7/64 HPs)
             Began as a Spriggan Air Elementalist on Jan 18, 2018.
             Was a Priest of Sif Muna.
             Mangled by an ice beast (9 damage)
             ... summoned by Fannar
             ... on level 1 of the Lair of Beasts on Jan 19, 2018.
             The game lasted 01:31:16 (21992 turns).

Mukku the Nimble (Spriggan Air Elementalist)       Turns: 21992, Time: 01:31:16

Health: -7/64      AC:  5    Str:  6    XL:     12   Next: 55%
Magic:  0/20       EV: 30    Int: 23    God:    Sif Muna [***...]
Gold:   594        SH:  0    Dex: 17    Spells: 9/21 levels left

rFire    . . .     SeeInvis +   z - +0 dagger
rCold    . . .     Gourm    .   (shield restricted)
rNeg     + . .     Faith    .   P - +2 robe {rN+}
rPois    .         Spirit   .   y - +0 hat
rElec    .         Reflect  .   H - +0 cloak
rCorr    .         Harm     .   (gloves unavailable)
MR       ++...                  (boots unavailable)
Stlth    ++++......             (no amulet)
HPRegen  0.20/turn              D - +4 ring of intelligence
MPRegen  0.17/turn              x - ring of wizardry

@: divine energy, very quick
A: very small, unfitting armour, see invisible, herbivore, speed 3, slow
metabolism 2
a: Stop Divine Energy, Channel Magic, Renounce Religion


You were on level 1 of the Lair of Beasts.
You worshipped Sif Muna.
Sif Muna was most pleased with you.
You were not hungry.

You visited 3 branches of the dungeon, and saw 13 of its levels.

You collected 594 gold pieces.

Inventory:

Hand Weapons
 z - a +0 dagger (weapon)
 F - a +1 hand axe of holy wrath
 K - a +0 quarterstaff of speed
Missiles
 t - 85 sling bullets
 I - 2 throwing nets (quivered)
Armour
 a - +0 acid dragon scales
 y - a +0 hat (worn)
 H - a +0 cloak (worn)
 O - a +0 buckler
 P - a +2 robe of positive energy (worn)
Jewellery
 u - an uncursed ring of stealth
 x - a ring of wizardry (right hand)
 D - a +4 ring of intelligence (left hand)
 S - an uncursed ring of poison resistance {unknown}
Wands
 m - a wand of flame (15)
 M - a wand of random effects (31)
 Q - a wand of iceblast (4)
Scrolls
 d - 2 scrolls of enchant weapon
 h - 5 scrolls of remove curse
 i - a scroll of magic mapping
 j - 4 scrolls of fog
 n - a scroll of random uselessness {unknown}
 p - 3 scrolls of teleportation
 s - 3 scrolls of immolation
 A - a scroll of enchant armour {unknown}
 B - 4 scrolls of amnesia
 C - a scroll of noise {unknown}
 J - a scroll of blinking {unknown}
Potions
 e - 4 potions of flight
 f - 5 potions of curing
 g - a potion of resistance
 k - a potion of brilliance
 l - 4 potions of might
 o - 4 potions of magic
 q - a potion of mutation
 r - a potion of cancellation
 v - a potion of agility
 E - 2 potions of berserk rage
 R - a potion of lignification
Books
 b - a book of Air

   Spells                             Type                      Level
   a - Shock                          Conjuration/Air              1
   b - Swiftness                      Charms/Air                   2
   c - Static Discharge               Conjuration/Air              3
   d - Airstrike                      Air                          4
   e - Lightning Bolt                 Conjuration/Air              5
 w - a book of Debilitation

   Spells                             Type                      Level
   a - Corona                         Hexes                        1
   b - Slow                           Hexes                        2
   c - Inner Flame                    Hexes/Fire                   3
   d - Portal Projectile              Hexes/Translocation          3
   e - Cause Fear                     Hexes                        4
   f - Leda's Liquefaction            Hexes/Earth                  4
 G - the Disquisition on Lightness and Hexes
   (You found it on level 7 of the Dungeon)

   Spells                             Type                      Level
   a - Confusing Touch                Hexes                        1
   b - Corona                         Hexes                        1
   c - Ensorcelled Hibernation        Hexes/Ice                    2
   d - Spectral Weapon                Hexes/Charms                 3
   e - Cause Fear                     Hexes                        4
   f - Tornado                        Air                          9
 L - a book of Changes

   Spells                             Type                      Level
   a - Beastly Appendage              Transmutation                1
   b - Sticks to Snakes               Transmutation                2
   c - Spider Form                    Transmutation/Poison         3
   d - Ice Form                       Ice/Transmutation            4
   e - Blade Hands                    Transmutation                5
 N - a book of Flames

   Spells                             Type                      Level
   a - Flame Tongue                   Conjuration/Fire             1
   b - Throw Flame                    Conjuration/Fire             2
   c - Conjure Flame                  Conjuration/Fire             3
   d - Inner Flame                    Hexes/Fire                   3
   e - Sticky Flame                   Conjuration/Fire             4
   f - Fireball                       Conjuration/Fire             5
Comestibles
 c - 7 rations


   Skills:
 - Level 8.1 Fighting
 + Level 4.9 Short Blades
 + Level 14.2 Dodging
 + Level 9.3 Stealth
 * Level 1.1 Shields
 - Level 5.3 Spellcasting
 - Level 2.0 Conjurations
 - Level 4.0 Hexes
 - Level 3.0 Ice Magic
 + Level 11.3 Air Magic


You had 9 spell levels left.
You knew the following spells:

 Your Spells              Type           Power        Failure   Level  Hunger
a - Shock                 Conj/Air       ####         1%          1    None
b - Swiftness             Chrm/Air       ####....     1%          2    None
c - Static Discharge      Conj/Air       #####...     1%          3    ##.....
d - Airstrike             Air            ######....   1%          4    ####...
e - Ensorcelled Hibernat  Hex/Ice        ###...       1%          2    None


Dungeon Overview and Level Annotations

Branches:
Dungeon (11/15)            Temple (1/1) D:6            Lair (1/6) D:11
    Orc: D:9-12

Altars:
Ashenzari
Cheibriados
Dithmenos
Elyvilon
Fedhas
Gozag
Hepliaklqana
Kikubaaqudgha
Makhleb
Nemelex Xobeh
Okawaru
Qazlal
Ru
Sif Muna
Trog
Uskayaw
Vehumet
Wu Jian
Xom
Yredelemnul
Zin
The Shining One

Annotations:
D:3 Grinder
D:11 3 runed doors
Lair:1 Fannar


Innate Abilities, Weirdness & Mutations

You are very small and have problems with some larger weapons.
You are too small for most types of armour.
You have supernaturally acute eyesight. (SInv)
You are a herbivore.
You cover ground extremely quickly.
You need consume almost no food.


Message History

The ice beast hits you. The ice beast freezes you!
Fannar gestures wildly while chanting.
Fannar drains the heat from the surrounding environment!
You feel very cold.
* * * LOW HITPOINT WARNING * * *
Fannar is frozen.
Fannar resists.
Fannar is almost dead.
You regain access to your magic.
The ice beast completely misses you.
There is a staircase back to the Dungeon here.
Fannar casts a spell.
Fannar drains the heat from the surrounding environment!
You feel very cold.
* * * LOW HITPOINT WARNING * * *
Fannar is frozen.
Fannar resists.
Fannar is almost dead.
The ice beast hits you.
* * * LOW HITPOINT WARNING * * *
The ice beast freezes you!
You die...

...Y#####..###
##P... ...##
##...# ####
####...## P.##
#...#
##..####....P###
e.# ##..##
##...#.#...####
..#
##.e###...#....###
..#
###.#........##
.## ##.......###
.# #..Y.[### ##
#.@...# ***
#....##
**,****#...##
*,,,,,,###.#
*,,***,,*..#**
**,**,,,*###.,*
*,,**,,** *.#*
*,**,,,* **.#
*****,***∩** *,,**


You could see Fannar and an ice beast.

Vanquished Creatures
  4 hydras
  Erica (D:10)
  A two-headed ogre (D:10)
  Sonja (D:10)
  2 unseen horrors (D:11)
  2 ugly things
  A cyclops (D:11)
  A manticore (D:11)
  Psyche (D:9)
  A black mamba (Lair:1)
  2 spiny frogs (Lair:1)
  2 komodo dragons (Lair:1)
  The ghost of GordonOverkill the Skirmisher, an amateur HOIE (D:4)
  2 trolls (D:11)
  Prince Ribbit (D:6)
  5 hippogriffs
  A slime creature (D:11)
  Sigmund (D:5)
  12 yaks
  A wraith (D:11)
  A basilisk (D:11)
  Eustachio (D:3)
  3 hungry ghosts
  A vampire mosquito (D:11)
  3 water moccasins
  An acid dragon (D:11)
  3 porcupines (Lair:1)
  4 orc warriors
  3 sky beasts
  A necrophage (D:10)
  4 ice beasts
  An eye of draining (D:10)
  6 phantoms
  5 ogres
  4 centaurs
  2 crocodiles (Lair:1)
  13 bullfrogs
  Blork the orc (D:5)
  A wyvern zombie (D:10)
  A wyvern skeleton (D:2)
  4 scorpions
  3 troll zombies (D:10)
  4 killer bees
  9 wights
  3 howler monkeys
  An electric eel (D:10)
  4 centaur zombies
  9 crimson imps
  4 hounds
  2 bullfrog zombies
  3 jellies
  2 orc priests
  A bullfrog skeleton (D:7)
  2 centaur skeletons
  8 orc wizards
  2 iguanas
  12 worker ants
  A killer bee zombie (D:10)
  3 ogre zombies (D:10)
  2 hound skeletons
  7 gnolls (D:6)
  4 adders
  3 shadow imps
  8 oozes (D:2)
  An adder zombie (D:8)
  2 adder skeletons
  4 worms
  10 leopard geckos
  22 orcs
  A ball python (D:1)
  A giant cockroach (D:3)
  5 goblins
  3 hobgoblins
  20 jackals
  3 quokkas
  9 bats
  6 frilled lizards (D:1)
  A goblin skeleton (D:10)
  3 goblin zombies (D:10)
  A hobgoblin skeleton (D:10)
  2 hobgoblin zombies (D:10)
  A jackal zombie (D:9)
  12 kobolds
  3 orc skeletons (D:10)
  9 orc zombies (D:10)
  A quokka skeleton (D:6)
  9 rats
332 creatures vanquished.

Vanquished Creatures (others)
  A bullfrog (D:11)
  A jackal (D:7)
  3 fungi
  A plant (Lair:1)
  6 toadstools (D:2)
12 creatures vanquished.

Grand Total: 344 creatures vanquished

Notes
Turn   | Place    | Note
-------+----------+-------------------------------------------
     0 | D:1      | Mukku the Spriggan Air Elementalist began the quest for the Orb.
     0 | D:1      | Reached XP level 1. HP: 9/9 MP: 5/5
   377 | D:1      | Reached skill level 1 in Conjurations
   377 | D:1      | Reached XP level 2. HP: 13/13 MP: 1/7
  1453 | D:2      | Reached XP level 3. HP: 16/16 MP: 6/8
  1665 | D:1      | Learned a level 2 spell: Swiftness
  1669 | D:1      | Learned a level 3 spell: Static Discharge
  1921 | D:2      | Reached XP level 4. HP: 21/21 MP: 3/9
  2136 | D:2      | Reached skill level 4 in Dodging
  2210 | D:2      | Reached XP level 5. HP: 24/24 MP: 5/10
  2389 | D:2      | Learned a level 4 spell: Airstrike
  2469 | D:2      | Reached skill level 5 in Air Magic
  3554 | D:3      | Reached skill level 5 in Dodging
  3847 | D:4      | Reached XP level 6. HP: 28/28 MP: 5/11
  3909 | D:4      | Noticed GordonOverkill's ghost (amateur HOIE)
  3994 | D:4      | Noticed Grinder
  4066 | D:4      | Paralysed by Grinder for 7 turns
  4093 | D:3      | Paralysed by Grinder for 6 turns
  4780 | D:4      | Killed GordonOverkill's ghost
  4780 | D:4      | Reached skill level 6 in Dodging
  4780 | D:4      | Reached XP level 7. HP: 32/32 MP: 0/12
  4957 | D:4      | Noticed Eustachio
  5073 | D:3      | Killed Eustachio
  5073 | D:3      | Reached skill level 1 in Fighting
  5656 | D:5      | Entered Level 5 of the Dungeon
  5656 | D:5      | Noticed Sigmund
  5666 | D:5      | Killed Sigmund
  5666 | D:5      | Reached skill level 7 in Dodging
  6021 | D:5      | Reached XP level 8. HP: 40/40 MP: 8/13
  6495 | D:6      | Noticed Prince Ribbit
  6590 | D:6      | Noticed Blork the orc
  6602 | D:5      | Reached skill level 8 in Dodging
  6947 | D:5      | Killed Blork the orc
  7371 | D:6      | Found a bloodstained altar of Trog.
  7782 | D:5      | Reached skill level 9 in Dodging
  8307 | D:6      | Reached XP level 9. HP: 44/44 MP: 9/14
  8459 | D:6      | Found a staircase to the Ecumenical Temple.
  8489 | Temple   | Entered the Ecumenical Temple
  8520 | Temple   | Became a worshipper of Sif Muna the Loreminder
  8591 | D:6      | Killed Prince Ribbit
  8724 | D:6      | Reached skill level 10 in Dodging
  9186 | D:7      | Identified the Disquisition on Lightness and Hexes
  9191 | D:7      | Learned a level 2 spell: Ensorcelled Hibernation
  9253 | D:7      | Reached skill level 5 in Stealth
  9406 | D:7      | Reached skill level 1 in Hexes
 10644 | D:8      | Reached skill level 1 in Ice Magic
 10811 | D:8      | Reached * piety under Sif Muna
 11110 | D:9      | Reached skill level 11 in Dodging
 11112 | D:9      | Reached XP level 10. HP: 49/49 MP: 5/17
 12500 | D:10     | Entered Level 10 of the Dungeon
 13027 | D:10     | Reached skill level 5 in Spellcasting
 13135 | D:10     | Noticed Psyche
 13157 | D:9      | Killed Psyche
 13953 | D:10     | Reached skill level 5 in Fighting
 13953 | D:10     | Reached skill level 12 in Dodging
 14002 | D:10     | Noticed Erica
 14033 | D:10     | Killed Erica
 14033 | D:10     | Reached ** piety under Sif Muna
 14682 | D:10     | Reached XP level 11. HP: 44/56 MP: 3/19
 14871 | D:10     | Noticed Sonja
 14943 | D:10     | Killed Sonja
 15003 | D:10     | Noticed a fire dragon
 15253 | D:11     | Reached skill level 1 in Short Blades
 15253 | D:11     | Reached skill level 10 in Air Magic
 15396 | D:11     | Noticed a four-headed hydra
 15419 | D:11     | Killed a four-headed hydra
 15484 | D:11     | Found a runed door.
 15484 | D:11     | Noticed a four-headed hydra
 16069 | D:11     | Found a staircase to the Lair.
 16124 | D:11     | Reached skill level 13 in Dodging
 16257 | D:11     | Noticed a cyan ugly thing
 16431 | D:11     | Killed a cyan ugly thing
 16722 | D:11     | Noticed a two-headed ogre
 16770 | D:11     | Found a runed door.
 16771 | D:11     | Found a runed door.
 16856 | D:11     | Noticed a seven-headed hydra
 17208 | D:10     | Noticed a two-headed ogre
 17269 | D:10     | Killed a seven-headed hydra
 17269 | D:10     | Reached *** piety under Sif Muna
 17384 | D:10     | Killed a two-headed ogre
 17621 | D:11     | Noticed an unseen horror
 18451 | D:11     | Noticed an unseen horror
 18464 | D:11     | Killed an unseen horror
 18464 | D:11     | Reached skill level 14 in Dodging
 18464 | D:11     | Reached XP level 12. HP: 31/63 MP: 6/20
 18669 | D:11     | Noticed an eight-headed hydra
 19234 | D:11     | Killed an eight-headed hydra
 19359 | Lair:1   | Entered Level 1 of the Lair of Beasts
 19605 | Lair:1   | Noticed a six-headed hydra
 19627 | Lair:1   | Killed a six-headed hydra
 20474 | Lair:1   | Noticed Fannar
 21229 | D:11     | Reached skill level 1 in Shields
 21992 | Lair:1   | HP: 3/64 [Fannar/Ozocubu's Refrigeration (10)]
 21992 | Lair:1   | Mangled by an ice beast

Skill      XL: |  1  2  3  4  5  6  7  8  9 10 11 12 |
---------------+-------------------------------------+-----
Spellcasting   | 3 4 5 |  5.3
Conjurations   | 1 2 |  2.0
Air Magic      | 3 4 5 6 8 9 10 11 | 11.3
Dodging        | 4 5 6 7 9 11 12 14 | 14.2
Fighting       | 3 5 7 8 |  8.1
Stealth        | 7 8 9 |  9.3
Hexes          | 3 4 |  4.0
Ice Magic      | 1 2 3 |  3.0
Short Blades   | 3 4 |  4.9
Shields        | 1 |  1.1

Action                   |  1- 3 |  4- 6 |  7- 9 | 10-12 || total
-------------------------+-------+-------+-------+-------++-------
Melee: Unarmed           |     1 |     3 |       |       ||     4
       Dagger            |       |       |    10 |    44 ||    54
 Cast: Shock             |    66 |   108 |   289 |   577 ||  1040
       Airstrike         |       |     8 |    29 |    84 ||   121
       Static Discharge  |       |       |     3 |    16 ||    19
       Ensorcelled Hiber |       |       |       |    30 ||    30
Invok: Divine Energy     |       |       |       |     1 ||     1
Evoke: Wand              |       |     5 |       |    30 ||    35
  Use: Scroll            |       |     5 |     9 |    11 ||    25
       Potion            |       |       |       |     6 ||     6
 Stab: Sleeping          |       |     1 |     3 |    14 ||    18
  Eat: Ration            |       |     1 |     6 |    11 ||    18
Armor: Robe              |     4 |     2 |     9 |    17 ||    32
Dodge: Dodged            |    20 |    26 |   127 |   432 ||   605
